 Dungeon Crawl Stone Soup version 0.18-a0-952-g309898a (webtiles) character file.

1466 Duffy the Carver (level 8, 0/55 HPs)
             Began as a High Elf Gladiator on Dec 31, 2015.
             Succumbed to an adder's poison
             ... on level 6 of the Dungeon.
             The game lasted 00:06:15 (6752 turns).

Duffy the Carver (High Elf Gladiator)               Turns: 6752, Time: 00:06:15

Health: 0/55       AC:  6    Str: 15    XL:     8   Next: 48%
Magic:  9/9        EV: 15    Int: 12    God:
Gold:   152        SH:  0    Dex: 17    Spells: 0 memorised, 7 levels left

rFire  . . .     SeeInvis .     a - +0 long sword
rCold  . . .     Gourm    .     h - +0 ring mail
rNeg   . . .     Faith    .     (no shield)
rPois  .         Spirit   .     c - +0 helmet
rElec  .         Dismiss  +     (no cloak)
rCorr  .         Reflect  .     (no gloves)
SustAt .         Harm     .     (no boots)
MR     .....                    r - amulet of dismissal
Stlth  ++........               M - +1 ring of evasion
                                y - ring of stealth

@: lethally poisoned (0 -> -4), not resistant to hostile enchantments,
unstealthy
A: no striking features
a: no special abilities


You were on level 6 of the Dungeon.
You were hungry.

You visited 2 branches of the dungeon, and saw 7 of its levels.

You collected 152 gold pieces.


   Skills:
 + Level 5.1 Fighting
 + Level 10.3 Long Blades
 - Level 2.0 Throwing
 + Level 6.2 Dodging


You had 7 spell levels left.
You didn't know any spells.

Inventory:

Hand Weapons
 a - a +0 long sword (weapon)
 b - a +0 blowgun
Missiles
 d - 4 throwing nets (quivered)
 n - 70 poisoned needles
 E - 38 arrows
 G - 11 poisoned arrows
Armour
 c - a +0 helmet (worn)
 h - a +0 ring mail (worn)
 u - a +0 leather armour
Jewellery
 r - an amulet of dismissal (around neck)
 y - a ring of stealth (left hand)
 M - a +1 ring of evasion (right hand)
Wands
 s - a wand of draining (2/15)
 I - a wand of confusion (19/48)
Scrolls
 e - 4 scrolls of identify {unknown}
 i - a scroll of recharging {unknown}
 l - a scroll of noise {unknown}
 m - 2 scrolls of fog {unknown}
 o - a scroll of magic mapping {unknown}
 q - 2 scrolls of fear {unknown}
 v - 3 scrolls of remove curse {unknown}
 A - a scroll of enchant weapon {unknown}
 H - a scroll of immolation {unknown}
 J - a scroll of teleportation {unknown}
 K - a scroll of blinking {unknown}
Potions
 j - 2 potions of brilliance {unknown}
 p - 2 potions of invisibility {unknown}
 t - a potion of curing {unknown}
 w - 3 potions of poison {unknown}
 x - a potion of mutation {unknown}
 z - a potion of might {unknown}
 B - a potion of berserk rage {unknown}
 C - a potion of beneficial mutation {unknown}
 F - a potion of cure mutation {unknown}
Comestibles
 f - 2 bread rations
 g - 5 meat rations
 k - 2 beef jerkies
 D - a slice of pizza
 L - 2 chunks of flesh

Dungeon Overview and Level Annotations

Branches:
Dungeon (6/15)             Temple (1/1) D:4

Altars:
Ashenzari
Elyvilon
Fedhas
Gozag
Kikubaaqudgha
Makhleb
Pakellas
Qazlal
Ru
Sif Muna
Vehumet
Xom
Yredelemnul
Zin
The Shining One

Shops:
D:5 :


Message History

You are too injured to fight recklessly!
You are too injured to fight recklessly!
You are too injured to fight recklessly!
You are too injured to fight recklessly!
You are too injured to fight recklessly!
You are too injured to fight recklessly!
You are too injured to fight recklessly!
You are too injured to fight recklessly!
You are too injured to fight recklessly!
You are too injured to fight recklessly!
You hit the centaur.
The centaur is almost dead.
You feel sick. The adder barely misses you. The centaur completely misses you.
The adder closely misses you. The centaur misses you.
The orc hits you with a flail.
You hit the centaur.
You kill the centaur!
Your Fighting skill increases to level 5!
You feel sick. The orc hits you with a morningstar!
The adder bites you but does no damage.
The orc throws a stone.
The stone closely misses you.
Things that are here:
an uncursed shortbow; 15 arrows of frost; a centaur corpse You feel sick.
The orc throws a stone.
The stone completely misses you.
You feel sick. The adder bites you.
You are lethally poisoned!
The adder poisons you!
You feel sick.
The orc throws a stone.
The stone completely misses you.
You feel sick. The adder bites you.
You feel sick.
You feel sick.
You feel sick. The adder bites you but does no damage.
You feel sick.
You feel sick.
You die...

###'####.....#....'...#.........#
.......#.....#....#...#(........#
......##....#######'###.........#
......##....###.................#
#'######......#.................#
.......#......#............)....#
...<...#......#...So.(..........#
.......#......#...oo.o(..........
.......#......#.@................
.......#......#..................
.......#......#.......(..........
.......########..................
#......). ......#+##########<
#......... .......# #.........
........# ........+


You could see an orc wizard, an adder and 3 orcs.

Action                   |  1- 3 |  4- 6 |  7- 9 || total
-------------------------+-------+-------+-------++-------
Melee: Long sword        |   129 |    92 |   157 ||   378
 Fire: Blowgun           |     3 |    47 |     7 ||    57
Throw: Throwing net      |       |       |     2 ||     2
 Stab: Sleeping          |       |     6 |     1 ||     7
       Distracted        |       |     1 |       ||     1
  Eat: Chunk             |     3 |     7 |     8 ||    18

Notes
Turn   | Place    | Note
--------------------------------------------------------------
     0 | D:1      | Duffy the High Elf Gladiator began the quest for the Orb.
     0 | D:1      | Reached XP level 1. HP: 14/14 MP: 2/2
   146 | D:1      | Reached skill level 4 in Long Blades
   165 | D:1      | Reached XP level 2. HP: 12/19 MP: 3/3
   432 | D:1      | Reached skill level 5 in Long Blades
   501 | D:1      | Reached XP level 3. HP: 24/24 MP: 4/4
   957 | D:2      | Found a radiant altar of Vehumet.
  1390 | D:3      | Found an oddly glowing altar of Pakellas.
  1391 | D:3      | Found a blossoming altar of Fedhas.
  1966 | D:2      | Found a sacrificial altar of Ru.
  1969 | D:2      | Found an opulent altar of Gozag.
  1972 | D:2      | Found a white marble altar of Elyvilon.
  1975 | D:2      | Found a shimmering altar of Xom.
  1981 | D:2      | Reached XP level 4. HP: 26/29 MP: 5/5
  2370 | D:4      | Reached skill level 6 in Long Blades
  2452 | D:4      | Reached XP level 5. HP: 24/34 MP: 6/6
  2640 | D:4      | Reached skill level 7 in Long Blades
  2749 | D:4      | Found a staircase to the Ecumenical Temple.
  2758 | Temple   | Entered the Ecumenical Temple
  3397 | D:4      | Noticed an ogre
  3405 | D:4      | Killed an ogre
  3405 | D:4      | Reached skill level 8 in Long Blades
  3405 | D:4      | Reached XP level 6. HP: 39/39 MP: 7/7
  3832 | D:5      | Entered Level 5 of the Dungeon
  3849 | D:5      | Reached skill level 9 in Long Blades
  4171 | D:5      | Reached XP level 7. HP: 45/45 MP: 8/8
  4180 | D:5      | Reached skill level 3 in Fighting
  4180 | D:5      | Reached skill level 4 in Dodging
  4534 | D:5      | Found Odaxanorih's Book Boutique.
  4667 | D:5      | Reached skill level 5 in Dodging
  5464 | D:6      | Noticed PinkishYellow's ghost (novice GrFE)
  6075 | D:6      | Reached skill level 4 in Fighting
  6178 | D:6      | Killed PinkishYellow's ghost
  6178 | D:6      | Reached skill level 10 in Long Blades
  6178 | D:6      | Reached XP level 8. HP: 2/54 MP: 9/9
  6495 | D:6      | Reached skill level 6 in Dodging
  6740 | D:6      | Reached skill level 5 in Fighting
  6752 | D:6      | Succumbed to an adder's poison

Vault maps used:
D:1:      tarquinn_simple_flora_water_b
D:2:      lemuel_doored_altar, grunt_temple_overflow_cloverleaf,
          kennysheep_minor_cross
D:3:      grunt_temple_overflow_open
D:4:      minmay_temple_entry_trees, portal_sewer_entry_c
D:5:      first_bread, nicolae_ossuary_entry_monument, serial_shops, shop,
          minivault_19
Temple:   hc_temple_tempest_star

Vanquished Creatures
  The ghost of PinkishYellow the Firebug, a novice GrFE of Sif Muna
  A sky beast
  4 centaurs
  A phantom
  An ogre
  A scorpion
  A centaur zombie
  2 hounds
  3 orc priests
  2 orc wizards
  2 giant frog skeletons
  A hound zombie
  2 worker ant zombies
  11 adders
  A river rat
  An ooze
  An adder zombie
  3 worms
  A giant gecko
  4 orcs
  A ball python
  5 giant cockroaches
  5 goblins
  5 hobgoblins
  2 quokkas
  A ball python skeleton
  5 bats
  A giant gecko skeleton
  5 giant newts
  5 jackals
  7 kobolds
  6 rats
92 creatures vanquished.
